 Dungeon Crawl Stone Soup version 0.26-a0-660-gc07710193c (webtiles) character file.

Game seed: 7765077588098195119

164173 jasper the Blocker (level 17, -6/128 HPs)
             Began as a Demonspawn Ice Elementalist on Oct 6, 2020.
             Was the Champion of Vehumet.
             Hit by a boomerang thrown by a merfolk (12 damage)
             ... on level 4 of the Shoals.
             The game lasted 01:48:27 (53823 turns).

jasper the Blocker (Demonspawn Ice Elementalist)   Turns: 53823, Time: 01:48:29

Health: -6/128     AC: 12    Str:  9    XL:     17   Next: 25%
Magic:  0/34       EV: 15    Int: 34    God:    Vehumet [******]
Gold:   2632       SH: 13    Dex: 15    Spells: 2/42 levels left

rFire    . . .     SeeInvis .   Z - staff of death
rCold    . . .     Faith    .   y - +1 kite shield {reflect}
rNeg     + . .     Spirit   +   i - +2 acid dragon scales
rPois    +         Reflect  +   (helmet restricted)
rElec    .         Harm     .   (no cloak)
rCorr    +         Rampage  .   (no gloves)
MR       ++...     Clarity  +   V - +2 pair of boots
Stlth    ++........             (no amulet)
HPRegen  0.31/turn              Y - ring of poison resistance
MPRegen  0.48/turn              k - +6 ring of intelligence

@: no status effects
A: horns 2, clarity, magic resistance 1, powered by pain 3, magic shield, magic
regeneration, big brain 3
a: Renounce Religion


You were on level 4 of the Shoals.
You worshipped Vehumet.
Vehumet was exalted by your worship.
You visited 6 branches of the dungeon, and saw 29 of its levels.

You collected 3346 gold pieces.
You spent 714 gold pieces at shops.

Inventory:

Hand Weapons
 d - a +1 vorpal broad axe
 M - a +0 short sword
 S - a +1 vorpal scimitar
Missiles
 g - 1094 stones (quivered)
 D - 72 poisoned darts
Armour
 i - +2 acid dragon scales (worn)
 y - a +1 kite shield of reflection (worn)
 V - a +2 pair of boots (worn)
Magical Staves
 Z - an uncursed staff of death (weapon)
Jewellery
 a - a cursed ring of attention
 k - a +6 ring of intelligence (right hand)
 n - an uncursed ring of ice
 s - an uncursed ring of flight
 v - an uncursed ring of stealth
 F - an uncursed ring of ice
 I - an uncursed ring of positive energy
 K - an uncursed ring of see invisible
 L - an uncursed ring of resist corrosion
 P - an uncursed ring of magical power
 Y - a ring of poison resistance (left hand)
Wands
 B - a wand of enslavement (29)
 G - a wand of paralysis (19)
 H - a wand of iceblast (4)
 J - a wand of polymorph (38)
 R - a wand of flame (54)
 T - a wand of acid (12)
Scrolls
 b - 5 scrolls of fog
 c - 8 scrolls of teleportation
 h - 3 scrolls of immolation
 j - 10 scrolls of enchant weapon
 o - 15 scrolls of magic mapping
 r - 3 scrolls of identify
 x - 18 scrolls of remove curse
 W - a scroll of fear
Potions
 e - a potion of lignification
 l - 3 potions of cancellation
 m - 8 potions of ambrosia
 p - 4 potions of stabbing
 t - a potion of mutation
 u - 6 potions of brilliance
 w - 2 potions of heal wounds
 z - 3 potions of curing
 A - 2 potions of magic
 C - a potion of resistance
 E - 7 potions of haste
 N - 2 potions of invisibility
 O - 2 potions of might
 Q - 5 potions of flight
 U - a potion of berserk rage
Miscellaneous
 f - a phantom mirror


   Skills:
 - Level 10.1 Fighting
 - Level 4.0 Armour
 - Level 8.0 Dodging
 - Level 1.7 Stealth
 + Level 13.4 Shields
 - Level 13.1 Spellcasting
 - Level 12.0 Conjurations
 - Level 3.4 Summonings
 * Level 12.4 Necromancy
 * Level 11.4 Ice Magic


You had 2 spell levels left.
You knew the following spells:

 Your Spells              Type           Power        Failure   Level
a - Orb of Destruction    Conj           #######...   3%          7
b - Frozen Ramparts       Ice            ######       1%          3
c - Ozocubu's Armour      Ice            #######.     1%          3
d - Hailstorm             Conj/Ice       #######.     1%          4
e - Shock                 Conj/Air       ####         1%          1
f - Summon Ice Beast      Ice/Summ       ######..     1%          4
g - Sublimation of Blood  Necr           ########..   1%          2
h - Borgnjor's Vile Clut  Necr/Erth      #######...   3%          5
i - Agony                 Necr           ########     1%          5
j - Simulacrum            Ice/Necr       ########..   1%          6

Your spell library contained the following spells:

 Spells                   Type           Power        Failure   Level
 Animate Skeleton         Necr           ######       0%          1
 Pain                     Necr           ####         0%          1
 Apportation              Tloc           ###...       1%          1
 Corona                   Hex            ###....      1%          1
 Freeze                   Ice            ####         1%          1
 Sting                    Tmut/Pois      ###.         1%          1
 Summon Small Mammal      Summ           ####         1%          1
 Poisonous Vapours        Pois/Air       ###...       2%          2
 Slow                     Hex            ###.....     2%          2
 Ignite Poison            Fire/Tmut/Pois ###.....     1%          3
 Inner Flame              Hex/Fire       ###.....     1%          3
 Mephitic Cloud           Conj/Pois/Air  #####...     1%          3
 Vampiric Draining        Necr           ########..   1%          3
 Animate Dead             Necr           ########..   1%          4
 Irradiate                Conj/Tmut      ######....   1%          5
 Iskenderun's Battlesphe  Conj           #######.     1%          5
 Bolt of Magma            Conj/Fire/Erth #####.....   2%          5
 Portal Projectile        Hex/Tloc       ###...       4%          3
 Olgreb's Toxic Radiance  Pois           ###.....     4%          4
 Iron Shot                Conj/Erth      ######....   6%          6
 Spellforged Servitor     Conj/Summ      ######....   14%         7
 Cause Fear               Hex            ###.......   16%         4
 Leda's Liquefaction      Hex/Erth       ###.......   16%         4
 Petrify                  Tmut/Erth      ###.....     16%         4
 Alistair's Intoxication  Tmut/Pois      ###......    38%         5
 Eringya's Noxious Bog    Tmut/Pois      ###.......   90%         6


Dungeon Overview and Level Annotations

Branches:
Dungeon (15/15)            Temple (1/1) D:5            Lair (6/6) D:10
 Shoals (4/4) Lair:2       Spider (1/4) Lair:3        Slime (0/5) Lair:5
    Orc (2/2) D:11            Elf (0/3) Orc:2        Vaults (0/5) D:13
 Depths (0/5) D:15

Altars:
Ashenzari
Cheibriados
Dithmenos
Elyvilon
Fedhas
Gozag
Hepliaklqana
Kikubaaqudgha
Makhleb
Nemelex Xobeh
Okawaru
Qazlal
Ru
Sif Muna
Trog
Uskayaw
Vehumet
Wu Jian
Xom
Yredelemnul
Zin
The Shining One
Jiyva

Shops:
D:5 (   Orc:2 **}(   Shoals:4 (!

Annotations:
D:9 3 runed translucent doors, exclusion: killer bee, timneilson's ghost, novice DDFi
Shoals:1 Roxanne


Innate Abilities, Weirdness & Mutations

You have a pair of horns on your head.
You are powered by pain.
When hurt, damage is shared between your health and your magic reserves.
You regenerate magic rapidly.
You have an absolutely massive brain. (Int +6, Wiz)
You possess an exceptional clarity of mind.
You are resistant to hostile enchantments. (MR+)


Message History

The hail pelts the alligator snapping turtle!
The alligator snapping turtle is almost dead.
The merfolk javelineer shouts!
The merfolk throws a boomerang.
The boomerang misses you.
The weapon returns to the merfolk!
The merfolk struggles against the net.
The merfolk javelineer throws a silver javelin.
The silver javelin pierces through you.
* * * LOW HITPOINT WARNING * * *
The silver sears you!
* * * LOW HITPOINT WARNING * * *
The alligator snapping turtle bites you from afar!!
* * * LOW HITPOINT WARNING * * *
The merfolk javelineer throws a javelin.
The javelin misses you.
Unknown command.
Unknown command.
Unknown command.
The merfolk struggles against the net.
The merfolk throws a boomerang.
The boomerang hits you!
You die...

.. .......)≈≈≈) ...
..........≈
≈.m##........≈≈ ≈
#m.........m≈≈
.P##...<...≈≈≈P≈
....$.(....≈≈≈≈≈
.......(..≈≈≈≈P≈
.........(≈≈≈≈PPP≈
.......@.t≈≈≈≈≈≈P≈
.......((..≈≈≈≈≈PP#≈≈##≈
........(#.P...≈≈##≈≈≈≈≈
m≈≈.....##P.PP.....≈≈≈≈≈
.≈≈≈......PPP.......≈≈≈≈
.≈≈≈........#.#......≈≈≈
.≈≈≈........#P#.......≈≈
..≈≈#P..../..P#.......≈≈
#P#.....(.........[≈


You could see an alligator snapping turtle, 2 merfolk javelineers and 2 merfolk.

Vanquished Creatures
  Rupert (Lair:3)
  Kirke (Spider:1)
  Polyphemus (Shoals:3)
  Ilsuiw (Shoals:3)
  An orc warlord (Orc:1)
  2 ghouls (D:13)
  An entropy weaver (Spider:1)
  A stone giant (Orc:1)
  A dire elephant (D:15)
  4 merfolk impalers
  An ogre mage (D:11)
  3 merfolk javelineers
  A fire dragon (Lair:6)
  4 hydras
  4 boulder beetles
  3 catoblepae
  3 centaur warriors
  4 two-headed ogres
  2 merfolk aquamancers (Shoals:1)
  4 vault guards (D:13)
  2 alligator snapping turtles (Shoals:3)
  11 death yaks
  3 skeletal warriors (D:13)
  7 sea snakes
  A swamp dragon (Lair:6)
  3 unseen horrors
  3 orc knights (Orc:2)
  6 harpies (Shoals:3)
  2 oklob plants (Lair:3)
  5 wolf spiders
  17 fauns
  2 orb spiders (Spider:1)
  6 cyclopes
  2 deep elf magi
  17 ugly things
  14 manticores
  11 elephants
  9 merfolk sirens
  A salamander (D:15)
  6 black mambas
  8 cane toads
  2 water nymphs (Shoals:1)
  4 centaur skeletons
  2 gargoyles (D:11)
  An efreet (D:15)
  A freezing wraith (D:10)
  A kobold demonologist (D:13)
  3 demonic crawlers (Spider:1)
  11 komodo dragons
  4 rime drakes
  A tengu conjurer (D:15)
  7 trolls
  9 polar bears
  3 wind drakes
  A queen bee (Lair:3)
  9 jumping spiders
  19 merfolk
  3 hornets
  11 blink frogs
  3 snapping turtles
  2 raiju (Lair:6)
  A meliai zombie (D:15)
  8 dream sheep
  A centaur simulacrum (D:14)
  18 redbacks
  9 wyverns
  13 tarantellas
  11 water elementals
  2 shadows (D:11)
  4 wraiths
  4 hogs (Spider:1)
  6 basilisks
  56 yaks
  4 steam dragons
  Menkaure (D:7)
  8 vampire mosquitoes
  4 acid dragons
  8 wargs
  15 water moccasins
  10 hell hounds (Lair:6)
  2 soldier ants (D:14)
  38 orc warriors
  2 sky beasts (D:5)
  2 necrophages
  12 black bears
  8 ogres
  An eye of draining (D:7)
  6 phantoms
  An ice beast (D:10)
  18 wolves
  35 centaurs
  5 big kobolds
  22 bullfrogs
  Blork the orc (D:6)
  3 scorpions
  A wyvern skeleton (D:13)
  32 killer bees
  5 howler monkeys
  12 wights
  4 electric eels
  3 bullfrog zombies
  A quasit (D:10)
  7 centaur zombies
  4 bullfrog skeletons
  5 hounds
  20 orc priests
  2 jellies
  18 orc wizards
  3 iguanas
  A hell rat (D:10)
  14 worker ants
  A hound zombie (D:6)
  2 hound skeletons (D:9)
  A mummy (D:13)
  12 gnolls
  9 adders
  2 river rats
  5 shadow imps
  3 white imps
  2 ufetubi
  2 oozes
  An adder skeleton (D:5)
  2 worms
  A dart slug (D:1)
  A leopard gecko (D:8)
  109 orcs
  5 ball pythons
  4 bats
  6 giant cockroaches
  10 goblins
  5 hobgoblins
  16 jackals
  9 quokkas
  2 frilled lizards (D:2)
  39 kobolds
  A leopard gecko skeleton (D:5)
  A quokka zombie (D:6)
  9 rats
1007 creatures vanquished.

Vanquished Creatures (collateral kills)
  A ghost moth (Lair:3)
  An entropy weaver (Lair:3)
  A hydra (Lair:6)
  2 death yaks (Lair:5)
  A merfolk aquamancer (Shoals:1)
  A deep elf mage (D:11)
  A faun (Shoals:2)
  2 ugly things
  A merfolk siren (Shoals:1)
  3 centaur zombies
  A centaur skeleton (D:15)
  A water nymph (Shoals:1)
  A demonic crawler (Spider:1)
  A komodo dragon (Lair:5)
  A polar bear (Lair:6)
  2 wind drakes
  A dream sheep (Shoals:2)
  A shadow (D:11)
  2 tarantellas (Spider:1)
  A yak (Lair:6)
  7 water elementals
  A warg (Lair:6)
  5 hell hounds (Lair:6)
  A black bear (Lair:6)
  A hornet zombie (D:10)
  An eye of draining (D:15)
  An orc warrior (Orc:2)
  4 wolves
  2 centaurs
  A wight (D:10)
  A bullfrog zombie (D:13)
  An orc priest (Orc:2)
  3 orc wizards
  A shadow imp (D:10)
  3 orcs
  4 kobolds (D:14)
63 creatures vanquished.

Vanquished Creatures (others)
  An unseen horror (D:14)
  A human (Spider:1)
  An orc (Orc:2)
  29 fungi
  290 plants
  5 withered plants
327 creatures vanquished.

Grand Total: 1397 creatures vanquished

Notes
Turn   | Place    | Note
-------+----------+-------------------------------------------
     0 | D:1      | jasper the Demonspawn Ice Elementalist began the quest for
                  | the Orb.
     0 | D:1      | Reached XP level 1. HP: 13/13 MP: 3/3
   330 | D:1      | Gained mutation: You sometimes gain a little power by
                  | taking damage. [demonic ancestry]
   330 | D:1      | Reached XP level 2. HP: 9/19 MP: 0/5
  1494 | D:2      | Gained mutation: You have a pair of small horns on your
                  | head. [demonic ancestry]
  1494 | D:2      | Reached XP level 3. HP: 24/24 MP: 4/6
  1499 | D:2      | Learned a level 3 spell: Frozen Ramparts
  2018 | D:2      | Found a basalt altar of Yredelemnul.
  2342 | D:3      | Found an opulent altar of Gozag.
  2404 | D:3      | Reached skill level 5 in Ice Magic
  2445 | D:3      | Found a hide-covered altar of Uskayaw.
  2589 | D:3      | Reached XP level 4. HP: 30/30 MP: 3/7
  2594 | D:3      | Learned a level 3 spell: Ozocubu's Armour
  2654 | D:3      | Found a faded altar of an unknown god.
  3027 | D:3      | Reached skill level 1 in Fighting
  3571 | D:4      | Reached XP level 5. HP: 37/37 MP: 3/8
  3669 | D:4      | Gained mutation: You have a pair of horns on your head.
                  | [demonic ancestry]
  3669 | D:4      | Reached XP level 6. HP: 45/45 MP: 6/10
  3739 | D:4      | Learned a level 4 spell: Hailstorm
  3817 | D:5      | Entered Level 5 of the Dungeon
  3909 | D:5      | Reached skill level 1 in Conjurations
  4242 | D:5      | Reached XP level 7. HP: 41/52 MP: 8/12
  4394 | D:5      | Found a staircase to the Ecumenical Temple.
  4473 | Temple   | Entered the Ecumenical Temple
  4798 | Temple   | Became a worshipper of Vehumet
  4845 | D:5      | Found Ymouf's Weapon Shop.
  4853 | D:5      | Found a sacrificial altar of Ru.
  5630 | D:6      | Gained mutation: You possess an exceptional clarity of
                  | mind. [potion of mutation]
  5630 | D:6      | Gained mutation: You are resistant to hostile enchantments.
                  | (MR+) [potion of mutation]
  5776 | D:6      | Found a broken altar of Ashenzari.
  6199 | D:6      | Gained mutation: You have an unusually large brain. (Int
                  | +2) [demonic ancestry]
  6199 | D:6      | Reached XP level 8. HP: 44/60 MP: 6/14
  6298 | D:6      | Noticed Blork the orc
  6345 | D:6      | Reached * piety under Vehumet
  6345 | D:6      | Offered knowledge of Shock by Vehumet.
  6348 | D:6      | Learned a level 1 spell: Shock
  6417 | D:6      | Killed Blork the orc
  6895 | D:6      | Found a burning altar of Makhleb.
  7167 | D:6      | Reached skill level 5 in Conjurations
  7298 | D:6      | Learned a level 4 spell: Summon Ice Beast
  7305 | D:7      | Noticed Menkaure
  7761 | D:6      | Reached skill level 5 in Spellcasting
  7761 | D:6      | Reached skill level 1 in Summonings
  7884 | D:7      | Identified Fime's Grimoire of Dark Secrets and the
                  | Frostbite
  7960 | D:7      | Reached skill level 5 in Fighting
  7960 | D:7      | Reached skill level 5 in Dodging
  7973 | D:7      | Gained mutation: When hurt, damage is shared between your
                  | health and your magic reserves. [demonic ancestry]
  7973 | D:7      | Reached XP level 9. HP: 67/68 MP: 6/16
  8127 | D:7      | Learned a level 1 spell: Animate Skeleton
  8180 | D:8      | Noticed a cyclops
  8251 | D:8      | Reached ** piety under Vehumet
  8276 | D:8      | Offered knowledge of Magic Dart by Vehumet.
  8463 | D:7      | Reached skill level 1 in Necromancy
  9385 | D:9      | Found a bloodstained altar of Trog.
  9494 | D:9      | Offered knowledge of Ignite Poison by Vehumet.
  9863 | D:9      | Found a runed translucent gate.
  9863 | D:9      | Found a runed translucent gate.
  9865 | D:9      | Found an opulent altar of Gozag.
  9865 | D:9      | Found a runed translucent gate.
  9867 | D:9      | Noticed timneilson's ghost (novice DDFi)
 10045 | D:9      | Noticed a two-headed ogre
 10088 | D:9      | Killed a two-headed ogre
 10088 | D:9      | Gained mutation: You have an extremely huge brain. (Int +4)
                  | [demonic ancestry]
 10088 | D:9      | Reached XP level 10. HP: 11/76 MP: 5/19
 10390 | D:9      | Learned a level 4 spell: Animate Dead
 10630 | D:10     | Entered Level 10 of the Dungeon
 10647 | D:10     | Reached *** piety under Vehumet
 11048 | D:10     | Noticed a death yak
 11051 | D:10     | Noticed a death yak
 11076 | D:10     | Killed a death yak
 11076 | D:10     | Reached skill level 5 in Necromancy
 11082 | D:10     | Killed a death yak
 11266 | D:10     | Noticed a death yak
 11292 | D:10     | Killed a death yak
 11424 | D:10     | Found a staircase to the Lair.
 11615 | D:10     | Offered knowledge of Mephitic Cloud by Vehumet.
 13145 | D:11     | Noticed a cyclops
 13419 | Lair:1   | Entered Level 1 of the Lair of Beasts
 13421 | Lair:1   | Noticed a cane toad
 13430 | Lair:1   | Killed a cane toad
 13460 | Lair:1   | Noticed a six-headed hydra
 13475 | Lair:1   | Killed a six-headed hydra
 13475 | Lair:1   | Gained mutation: You sometimes gain power by taking damage.
                  | [demonic ancestry]
 13475 | Lair:1   | Reached XP level 11. HP: 7/84 MP: 6/21
 13878 | Lair:1   | Noticed a four-headed hydra
 13889 | Lair:1   | Killed a four-headed hydra
 15196 | Lair:2   | Reached **** piety under Vehumet
 15520 | Lair:2   | Found a staircase to the Shoals.
 15551 | Lair:2   | Offered knowledge of Fireball by Vehumet.
 15684 | Lair:2   | Reached skill level 1 in Shields
 16779 | Lair:3   | Found a hole to the Spider Nest.
 17492 | D:8      | Learned a level 5 spell: Agony
 18568 | D:7      | Killed Menkaure
 18568 | D:7      | Gained mutation: You regenerate magic rapidly. [demonic
                  | ancestry]
 18568 | D:7      | Reached XP level 12. HP: 90/90 MP: 24/24
 18878 | D:4      | Reached skill level 5 in Shields
 18983 | D:4      | Found a sparkling altar of Nemelex Xobeh.
 18983 | D:4      | Found a faded altar of an unknown god.
 18988 | D:4      | Found a faded altar of an unknown god.
 18990 | D:4      | Found a snail-covered altar of Cheibriados.
 18992 | D:4      | Found an ornate altar of the Wu Jian Council.
 19400 | D:9      | Reached ***** piety under Vehumet
 19400 | D:9      | Offered knowledge of Conjure Ball Lightning by Vehumet.
 19441 | D:11     | Noticed a six-headed hydra
 19448 | D:11     | Noticed an ogre mage
 19450 | D:11     | Killed a six-headed hydra
 21047 | Lair:4   | Noticed a five-headed hydra
 21071 | Lair:4   | Killed a five-headed hydra
 21670 | Lair:4   | Reached skill level 10 in Shields
 22080 | Lair:5   | Found a viscous altar of Jiyva.
 22080 | Lair:5   | Found a staircase to the Slime Pits.
 22109 | Lair:5   | Noticed a death yak
 22115 | Lair:5   | Noticed a death yak
 22118 | Lair:5   | Killed a death yak
 22119 | Lair:5   | Noticed a death yak
 22129 | Lair:5   | Killed a death yak
 22129 | Lair:5   | Gained mutation: You have an absolutely massive brain. (Int
                  | +6, Wiz) [demonic ancestry]
 22129 | Lair:5   | Reached XP level 13. HP: 81/98 MP: 2/25
 23565 | Lair:6   | Entered Level 6 of the Lair of Beasts
 24092 | Lair:6   | Learned a level 2 spell: Sublimation of Blood
 24217 | Lair:6   | Offered knowledge of Ozocubu's Refrigeration by Vehumet.
 24238 | Lair:6   | Found an iron altar of Okawaru.
 25822 | D:12     | Found a blossoming altar of Fedhas.
 26523 | D:13     | Noticed a ghoul
 27111 | D:11     | Found a staircase to the Orcish Mines.
 27864 | Orc:1    | Entered Level 1 of the Orcish Mines
 27872 | Orc:1    | Noticed a stone giant
 27892 | Orc:1    | Offered knowledge of Iron Shot by Vehumet.
 27893 | Orc:1    | Killed a stone giant
 28186 | Orc:1    | Noticed an orc warlord
 28200 | Orc:1    | Reached skill level 10 in Spellcasting
 28212 | Orc:1    | Gained mutation: You are powered by pain. [demonic
                  | ancestry]
 28212 | Orc:1    | Reached XP level 14. HP: 84/105 MP: 24/28
 28238 | Orc:1    | Killed an orc warlord
 28331 | Orc:1    | Learned a level 6 spell: Simulacrum
 28708 | Orc:2    | Entered Level 2 of the Orcish Mines
 28802 | Orc:2    | Found a bloodstained altar of Trog.
 30902 | Orc:2    | Learned a level 5 spell: Borgnjor's Vile Clutch
 31280 | Orc:2    | Found a staircase to the Elven Halls.
 31304 | Orc:2    | Offered knowledge of Freezing Cloud by Vehumet.
 31613 | Orc:2    | Found Qubb's Gadget Shoppe.
 31613 | Orc:2    | Found Guxusoih's General Store.
 31615 | Orc:2    | Found Dueraco's General Store.
 31617 | Orc:2    | Found Pebboh's Weapon Emporium.
 31622 | Orc:2    | Bought an uncursed ring of poison resistance for 260 gold
                  | pieces
 31624 | Orc:2    | Bought a +2 pair of boots for 214 gold pieces
 35685 | D:13     | Offered knowledge of Spellforged Servitor by Vehumet.
 36221 | D:13     | Reached skill level 1 in Armour
 36302 | D:13     | Noticed a ghoul
 36331 | D:13     | Killed a ghoul
 36767 | D:13     | Reached XP level 15. HP: 105/111 MP: 21/32
 37066 | D:13     | Found a gate to the Vaults.
 37283 | D:13     | Found a sacrificial altar of Ru.
 38554 | D:14     | Offered knowledge of Yara's Violent Unravelling by Vehumet.
 38871 | D:14     | Reached skill level 10 in Necromancy
 39725 | D:15     | Entered Level 15 of the Dungeon
 40614 | D:15     | Reached skill level 10 in Ice Magic
 40932 | D:15     | Found a staircase to the Depths.
 42969 | Spider:1 | Entered Level 1 of the Spider Nest
 42969 | Spider:1 | Noticed Rupert
 43487 | Lair:3   | Reached ****** piety under Vehumet
 43508 | Lair:3   | Killed Rupert
 43508 | Lair:3   | Reached XP level 16. HP: 16/121 MP: 10/33
 44039 | Spider:1 | Noticed Kirke
 44056 | Spider:1 | Killed Kirke
 44419 | Spider:1 | Offered knowledge of Orb of Destruction by Vehumet.
 44463 | Lair:3   | Learned a level 7 spell: Orb of Destruction
 44688 | Spider:1 | HP: 4/122 [disintegration (20)]
 45180 | Spider:1 | Reached skill level 10 in Fighting
 45998 | Shoals:1 | Entered Level 1 of the Shoals
 47115 | Shoals:1 | Identified Roxanne's Tome of Transmigration
 47115 | Shoals:1 | Noticed Roxanne
 49530 | Shoals:2 | Reached skill level 10 in Conjurations
 50177 | Shoals:3 | Identified the +6 morningstar of Disembowelment {chaos, rN+
                  | Int+4}
 50952 | Shoals:3 | Noticed Ilsuiw
 50958 | Shoals:3 | Killed Ilsuiw
 52035 | Shoals:3 | Noticed Polyphemus
 52046 | Shoals:3 | Killed Polyphemus
 52046 | Shoals:3 | Reached XP level 17. HP: 69/128 MP: 17/34
 52867 | Shoals:4 | Entered Level 4 of the Shoals
 52867 | Shoals:4 | Found Lifour's Antique Weapon Boutique.
 52867 | Shoals:4 | Found Nisacvis's Distillery.
 52968 | Shoals:4 | Bought a potion of brilliance for 64 gold pieces
 52968 | Shoals:4 | Bought a potion of curing for 48 gold pieces
 52968 | Shoals:4 | Bought a potion of curing for 48 gold pieces
 52968 | Shoals:4 | Bought a potion of heal wounds for 80 gold pieces
 53822 | Shoals:4 | HP: 6/128 [alligator snapping turtle (20)]
 53823 | Shoals:4 | Hit by a boomerang thrown by a merfolk

Illustrated notes

Levels and vault maps discovered:
D:1:      dpeg_arrival_three_same_balls, layout_loops_ring
D:2:      layout_loops_ring, yredelemnul_altar_generic
D:3:      layout_loops_cross, lemuel_round_altar, old_standard_altar,
          chequers_ecumenical_altar_simple_redux
D:4:      layout_rooms, chequers_temple_overflow_minitemple,
          cheibrodos_sewer_entry_drain
D:5:      layout_basic, kennysheep_mini_moat, temple_hall, serial_shops, shop,
          hangedman_decor_lopped, chequers_serial_rivers_micro_a
D:6:      layout_basic, nicolae_overflow_crystal_walls, lemuel_doored_altar,
          uniq_blork_the_orc
D:7:      layout_rooms, serial_glass, glass_columns_a, glass_columns_c,
          uniq_menkaure
D:8:      layout_basic
D:9:      layout_loops_corners, overflow_temple_1_default, ebering_ghost_gozag
D:10:     layout_basic, dpeg_lair_monsters
D:11:     layout_stronghold, hiddenorc2_lemuel, minmay_misc_feat_ornament,
          minivault_28
D:12:     layout_long_grid, special_room [special_room_orc],
          fedhas_altar_decomposition
D:13:     layout_loops_ring, lightli_vaults_fourway_checkpoint, serial_undead,
          serial_undead_c, serial_undead_e, serial_undead_d, serial_undead_d,
          serial_bayou_pond_c, nicolae_ru_awakened_eye
D:14:     minmay_recursive_quarters, layout_irregular_city,
          hangedman_abyss_or_decor_passed, chequers_serial_rivers_small_b,
          serial_bayou_lagoon_a
D:15:     hangedman_depths_entry_try_elsewhere_first, layout_stronghold,
          minivault_14
Temple:   minmay_temple_bridge_abc
Lair:1:   layout_chaotic_city, chequers_serial_rivers_small_a,
          eino_small_chamber_without_monster, serial_bayou_shore_b
Lair:2:   layout_regular_city, shoals_dummy_entry, serial_bayou_pond_a,
          grunt_megastairs_3
Lair:3:   regret_index_harrowing_hell_hive, layout_chaotic_city,
          nicolae_spider_entry_tight_spaces, minmay_stone_trees_medium
Lair:4:   layout_roguey
Lair:5:   layout_loops_ring, slime_altar_1, minivault_27, pond
Lair:6:   hangedman_lair_caniforms_friends, layout_hall_layers,
          guppyfry_lair_end_dragon, basic_altar
Shoals:1: layout_shoals, nicolae_shoals_so_close, uniq_roxanne
Shoals:2: layout_shoals
Shoals:3: layout_shoals, argonaut_gorgonesque, uniq_ilsuiw, uniq_polyphemus
Shoals:4: shoals_end_grunt_garden, layout_shoals, serial_shops, shop, shop,
          gammafunk_ghost_cemetery
Spider:1: nicolae_spider_hall_of_the_moth_king, uniq_kirke, uniq_rupert
Orc:1:    layout_caves
Orc:2:    st_orc_rangers, layout_caves, basic_altar

Skill      XL: |  1  2  3  4  5  6  7  8  9 10 11 12 13 14 15 16 17 |
---------------+----------------------------------------------------+-----
Ice Magic      | 4 5 6 7 8 10 11 | 11.4
Dodging        | 2 3 4 5 6 8 |  8.0
Fighting       | 1 2 3 4 5 6 7 8 9 10 | 10.1
Spellcasting   | 3 4 5 6 8 10 13 | 13.1
Conjurations   | 1 3 5 12 | 12.0
Summonings     | 2 3 |  3.4
Necromancy     | 4 7 8 11 12 | 12.4
Shields        | 4 10 13 | 13.4
Armour         | 1 4 |  4.0
Stealth        | |  1.7

Action                   |  1- 3 |  4- 6 |  7- 9 | 10-12 | 13-15 | 16-18 || total
-------------------------+-------+-------+-------+-------+-------+-------++-------
Melee: Whip              |     6 |       |       |       |       |       ||     6
       Hand axe          |     8 |       |       |       |       |       ||     8
       Falchion          |       |       |    36 |    74 |       |       ||   110
       Headbutt          |       |       |     9 |    60 |   174 |    39 ||   282
       Scimitar          |       |       |       |   263 |    34 |       ||   297
       Staff             |       |       |       |       |   811 |   172 ||   983
       Broad axe         |       |       |       |       |    13 |       ||    13
 Fire: Hunting sling     |    32 |    71 |    31 |       |       |       ||   134
       Hand crossbow     |       |       |   153 |       |       |       ||   153
Throw: Stone             |    68 |       |     7 |     2 |    17 |     9 ||   103
 Cast: Freeze            |    45 |    15 |    61 |    41 |    97 |       ||   259
       Frozen Ramparts   |     4 |    11 |    33 |    70 |   200 |    32 ||   350
       Shock             |       |       |    50 |     2 |    17 |     1 ||    70
       Summon Ice Beast  |       |       |     1 |    12 |    47 |    20 ||    80
       Animate Skeleton  |       |       |     3 |       |       |       ||     3
       Hailstorm         |       |       |       |    30 |   222 |   170 ||   422
       Animate Dead      |       |       |       |     5 |     8 |       ||    13
       Agony             |       |       |       |     3 |    24 |     2 ||    29
       Ozocubu's Armour  |       |       |       |       |     2 |       ||     2
       Sublimation of Bl |       |       |       |       |     2 |     4 ||     6
       Simulacrum        |       |       |       |       |    37 |    15 ||    52
       Borgnjor's Vile C |       |       |       |       |     1 |     8 ||     9
       Orb of Destructio |       |       |       |       |       |    89 ||    89
Evoke: Wand              |       |       |     1 |     5 |    29 |     2 ||    37
  Use: Scroll            |     4 |     2 |       |    14 |    13 |     7 ||    40
       Potion            |       |       |     4 |     4 |     5 |     8 ||    21
 Stab: Sleeping          |       |       |     1 |     1 |     1 |       ||     3
       Distracted        |       |       |       |     1 |     7 |       ||     8
       Petrified         |       |       |       |       |     6 |       ||     6
Armor: Robe              |     6 |     3 |    22 |    43 |    46 |       ||   120
       Acid dragon scale |       |       |       |       |   165 |    97 ||   262
Dodge: Dodged            |    35 |    22 |   147 |   353 |   695 |   214 ||  1466
Block: Buckler           |       |       |       |    33 |       |       ||    33
       Kite shield       |       |       |       |    67 |   950 |   292 ||  1309
       Reflection        |       |       |       |       |       |     7 ||     7
       Rpst.: Falchion   |       |       |    14 |    27 |       |       ||    41
       Scimitar          |       |       |       |    71 |    12 |       ||    83

Table legend: (Time is in decaauts)
 A = Elapsed time spent in this place.
 B = Non-inter-level travel time spent in this place.
 C = Inter-level travel time spent in this place.
 D = Time resting spent in this place.
 E = Time spent auto-exploring this place.
 F = Levels seen in this place.
 G = Mean time per level.
                   A        B        C        D        E       F      G
               +--------+--------+--------+--------+--------+-----+--------+
         Total |  54778 |  52612 |   2166 |  16774 |  27315 |  29 | 1888.9 |
       Dungeon |  26367 |  25145 |   1222 |   5746 |  14929 |  15 | 1757.8 |
        Temple |    346 |    326 |     20 |      0 |    304 |   1 |  346.0 |
          Lair |  15354 |  14523 |    831 |   5942 |   6585 |   6 | 2559.0 |
        Shoals |   7823 |   7758 |     65 |   2849 |   3782 |   4 | 1955.8 |
   Spider Nest |   1227 |   1227 |      0 |    295 |    637 |   1 | 1227.0 |
  Orcish Mines |   3658 |   3631 |     27 |   1942 |   1077 |   2 | 1829.0 |
               +--------+--------+--------+--------+--------+-----+--------+

Top non-repeatable levels by time:
  Lair:3: 4260 daAuts
  Lair:6: 4082 daAuts
Shoals:3: 3074 daAuts
    D:11: 3050 daAuts
    D:10: 2940 daAuts
  Lair:2: 2462 daAuts
Shoals:2: 2411 daAuts
    D:13: 2399 daAuts
     D:9: 2273 daAuts
     D:6: 2250 daAuts
   Orc:1: 2030 daAuts
Shoals:1: 2002 daAuts
     D:8: 1903 daAuts
    D:14: 1771 daAuts
   Orc:2: 1628 daAuts
